 Dungeon Crawl Stone Soup version 0.23.2-40-g277498a (webtiles) character file.

Game seed: 4727301931832357437

93 Aphrodieselac the Charmwright (level 4, -3/33 HPs)
             Began as a Merfolk Skald on Aug 29, 2019.
             Slain by an orc priest
             ... wielding a +0 hand axe
              (4 damage)
             ... on level 3 of the Dungeon.
             The game lasted 00:07:29 (2038 turns).

Aphrodieselac the Charmwright (Merfolk Skald)       Turns: 2038, Time: 00:07:29

Health: -3/33      AC:  3    Str: 11    XL:     4   Next: 62%
Magic:  1/7        EV: 12    Int: 13    God:
Gold:   98         SH:  0    Dex: 13    Spells: 2/7 levels left

rFire    . . .     SeeInvis .   a - +0 spear
rCold    . . .     Gourm    .   (no shield)
rNeg     . . .     Faith    .   b - +0 leather armour
rPois    .         Spirit   .   (no helmet)
rElec    .         Reflect  .   (no cloak)
rCorr    .         Harm     .   (no gloves)
MR       .....                  (no boots)
Stlth    +.........             (no amulet)
HPRegen  0.11/turn              (no ring)
MPRegen  0.10/turn              (no ring)

@: infused
A: change form in water, swift swim, stealthy swim
a: no special abilities


You were on level 3 of the Dungeon.
You were not hungry.

You visited 1 branch of the dungeon, and saw 3 of its levels.

You collected 98 gold pieces.

Inventory:

Hand Weapons
 a - a +0 spear (weapon)
 k - a +2 hunting sling of freezing
Missiles
 h - 2 javelins (quivered)
Armour
 b - a +0 leather armour (worn)
Jewellery
 j - a +6 ring of dexterity {unknown}
Wands
 l - a wand of paralysis (7)
Scrolls
 e - 4 scrolls of identify {unknown}
 i - a scroll of fear {unknown}
Potions
 c - a potion of berserk rage {unknown}
 f - 2 potions of haste
Comestibles
 d - a ration


   Skills:
 - Level 2.1 Fighting
 + Level 4.4 Polearms
 - Level 0.6 Armour
 - Level 2.6 Dodging
 - Level 2.0 Spellcasting
 * Level 5.1 Charms


You had 2 spell levels left.
You knew the following spells:

 Your Spells              Type           Power        Failure   Level  Hunger
a - Infusion              Chrm           ##..         4%          1    ##.....
b - Song of Slaying       Chrm           ##......     6%          2    ###....
c - Shroud of Golubria    Chrm/Tloc      #.........   19%         2    ###....

Your spell library contained the following spells:

 Spells                   Type           Power        Failure   Level  Hunger
 Regeneration             Chrm/Necr      #.........   34%         3    ####...
 Spectral Weapon          Hex/Chrm       #.......     34%         3    ####...


Dungeon Overview and Level Annotations

Branches:
Dungeon (3/15)

Altars:


Message History

The orc closely misses you. x2
You hit the orc priest but do no damage.
The orc priest is heavily wounded.
You closely miss the orc priest.
The orc priest is heavily wounded.
The orc misses you. The orc priest barely misses you.
The orc barely misses you.
You hit the orc priest but do no damage.
The orc priest is heavily wounded.
The orc barely misses you.
The orc priest invokes the aid of Beogh against you.
Pain shoots through your body!
* * * LOW HITPOINT WARNING * * *
The orc barely misses you.
You hit the orc priest but do no damage.
The orc priest is heavily wounded.
The orc hits you.
* * * LOW HITPOINT WARNING * * *
The orc priest hits you with a +0 hand axe.
You die...

##. ###o# #
.. ..#.#
#.##.##.#o#
##.#...#.#o#
.........#.#
#>......#.#
#.......#.#
#.....oo..#
#....o@#..#
#.#....#..#
###..#..#
#..#..#
#......
#.##.^.. #.
..... ##
#.####


You could see an orc priest and 2 orcs.

Vanquished Creatures
  4 adders
  2 dart slugs
  2 leopard geckos (D:2)
  3 orcs
  3 bats
  6 giant cockroaches
  4 goblins
  2 hobgoblins (D:1)
  5 jackals
  A quokka (D:1)
  2 ball pythons (D:1)
  5 frilled lizards
  4 kobolds
  4 rats
47 creatures vanquished.

Notes
Turn   | Place    | Note
-------+----------+-------------------------------------------
     0 | D:1      | Aphrodieselac the Merfolk Skald began the quest for the
                  | Orb.
     0 | D:1      | Reached XP level 1. HP: 16/16 MP: 3/3
   162 | D:1      | Reached XP level 2. HP: 22/22 MP: 5/5
   402 | D:1      | Reached skill level 4 in Charms
   581 | D:1      | Reached XP level 3. HP: 17/27 MP: 2/6
  1473 | D:2      | Reached XP level 4. HP: 30/33 MP: 3/7
  1481 | D:2      | Learned a level 2 spell: Song of Slaying
  1484 | D:2      | Learned a level 2 spell: Shroud of Golubria
  1579 | D:2      | Reached skill level 5 in Charms
  2038 | D:3      | HP: 1/33 [orc (4)]
  2038 | D:3      | Slain by an orc priest

Skill      XL: |  1  2  3  4 |
---------------+-------------+-----
Charms         | 4 5 |  5.1
Polearms       | 4 |  4.4
Fighting       | |  2.1
Armour         | |  0.6
Dodging        | |  2.6
Spellcasting   | |  2.0

Action                   |  1- 3 |  4- 6 || total
-------------------------+-------+-------++-------
Melee: Spear             |   124 |    68 ||   192
 Cast: Infusion          |     5 |     3 ||     8
  Use: Potion            |     1 |       ||     1
 Stab: Sleeping          |     1 |     1 ||     2
  Eat: Chunk             |     2 |     2 ||     4
Armor: Leather armour    |    16 |     7 ||    23
Dodge: Dodged            |    66 |    42 ||   108
